 Dungeon Crawl Stone Soup version 0.32-a0-19-g28bc0835a1 (webtiles) character file.

Game seed: 985262265958349284

5710 Morbidden the Grappler (level 10, -1/90 (91) HPs)
             Began as a Troll Shapeshifter on Jan 17, 2024.
             Was a Believer of Cheibriados.
             Slain by Psyche
             ... wielding a +0 dagger of chaos
              (2 damage)
             ... on level 8 of the Dungeon.
             The game lasted 00:10:19 (6237 turns).

Morbidden the Grappler (Troll Shapeshifter)         Turns: 6237, Time: 00:10:19

HP:   -1/90 (91)    AC:  6    Str: 36    XL:     10   Next: 48%
MP:   13/13         EV: 13    Int: 12    God:    Cheibriados [**....]
Gold: 335           SH:  0    Dex: 19    Spells: 11/14 levels left

rFire   + .          .
                       - Unarmed
rCold   + . .        (no shield)
rNeg    . . .        a - +2 robe
rPois   +            (helmet currently unavailable)
rElec   +            (cloak currently unavailable)
rCorr   .            (gloves unavailable)
SInv    .            (boots unavailable)
Will    .....        n - amulet "Qyshig" {Faith rElec rF+ Str+2 Dex+4}
Stlth   ++           v - ring of poison resistance
HPRegen 1.15/turn    E - ring of protection from cold
MPRegen 0.13/turn

%: faith
@: lethally poisoned (-1 -> -1), beast-form, lightly drained, very slow
A: beast (slay +3), large, unfitting armour, claws 3, regeneration 1, shaggy fur
1, tough skin 1
a: Begin Untransformation, Renounce Religion, Bend Time


You were on level 8 of the Dungeon.
You worshipped Cheibriados.
Cheibriados was pleased with you.
You were a hulking beast.
You visited 2 branches of the dungeon, and saw 9 of its levels.
You also visited: Ossuary.

You collected 335 gold pieces.

Inventory:

Missiles
 f - 64 stones (quivered)
 z - 7 throwing nets
Armour
 a - a +2 robe (worn)
 t - a +0 cloak of preservation
Jewellery
 g - a ring of protection from fire
 n - the amulet "Qyshig" (around neck) {Faith rElec rF+ Str+2 Dex+4}
   (You took it off a hobgoblin on level 2 of the Dungeon)

   [amulet of faith]

   Faith:     It allows you to gain divine favour quickly.
   Str+2:     It affects your strength (+2).
   Dex+4:     It affects your dexterity (+4).
   rF+:       It protects you from fire.
   rElec:     It insulates you from electricity.
 v - a ring of poison resistance (left claw)
 E - a ring of protection from cold (right claw)
Talismans
 c - a beast talisman
 d - a flux talisman
 w - a blade talisman
Wands
 C - a wand of mindburst (23)
 D - a wand of polymorph (16)
 G - a wand of flame (13)
Scrolls
 e - 2 scrolls of torment
 h - a scroll of identify
 i - a scroll of blinking
 j - 2 scrolls of enchant weapon
 k - a scroll of teleportation {unknown}
 l - 2 scrolls of poison {unknown}
 m - 3 scrolls of immolation
 p - a scroll of fog {unknown}
 q - a scroll of fear {unknown}
 r - 3 scrolls of enchant armour
 y - a scroll of vulnerability {unknown}
 F - a scroll of amnesia {unknown}
Potions
 b - 3 potions of attraction
 o - 2 potions of resistance
 s - a potion of haste
 u - a potion of cancellation {unknown}
 x - 2 potions of enlightenment
 A - a potion of invisibility {unknown}
 B - 2 potions of might {unknown}


   Skills:
 * Level 3.4 Fighting
 * Level 3.7 Throwing
 * Level 5.5 Dodging
 + Level 1.0 Stealth
 * Level 9.7 Unarmed Combat
 * Level 2.7 Spellcasting
 * Level 2.3 Summonings
 * Level 1.8 Invocations
 * Level 2.5 Evocations
 * Level 5.6 Shapeshifting


You had 11 spell levels left.
You knew the following spells:

 Your Spells              Type           Power      Damage    Failure   Level
a - Call Canine Familiar  Summ           7%         N/A       28%         3

Your spell library contained the following spells:

 Spells                   Type           Power      Damage    Failure   Level
 Freeze                   Ice            4%         1d3       26%         1
 Cigotuvi's Dreadful Rot  Necr/Alch/Air  2%         N/A       36%         2
 Lesser Beckoning         Tloc           2%         N/A       36%         2
 Frozen Ramparts          Ice            2%         1d1       58%         3
 Gell's Gravitas          Tloc           1%         N/A       58%         3
 Hailstorm                Conj/Ice       1%         3d5       58%         3
 Sigil of Binding         Hex            1%         N/A       58%         3
 Teleport Other           Tloc           1%         N/A       58%         3
 Martyr's Knell           Necr/Summ      4%         N/A       83%         4
 Dimensional Bullseye     Hex/Tloc       0%         N/A       94%         4
 Dispel Undead            Necr           1%         3d6       94%         4
 Death Channel            Necr           0%         N/A       100%        6


Dungeon Overview and Level Annotations

Branches:
Dungeon (8/15)             Temple (1/1) D:6            Lair (0/5) D:8
Ossuary (visited)

Altars:
Ashenzari
Cheibriados
Dithmenos
Elyvilon
Fedhas
Gozag
Hepliaklqana
Makhleb
Nemelex Xobeh
Okawaru
Qazlal
Ru
Sif Muna
Uskayaw
Vehumet
Wu Jian
Yredelemnul
Zin
The Shining One

Annotations:
D:7 1 runed translucent door, Crazy Yiuf
D:8 Psyche


Innate Abilities, Weirdness & Mutations

You are a hulking beast.
Your limbs bulge with bestial killing power. (Slay +3)
You are too large for most types of armour.
You have claws for hands.
Your natural rate of healing is unusually fast.
You are covered in fur. (AC +1)
You have tough skin. (AC +1)


Message History

You feel very sick. Something hits you.
* * * LOW HITPOINT WARNING * * *
Unknown command.
You mangle something!! Your claw misses something.
You feel sick. Something barely misses you. Something hits you.
* * * LOW HITPOINT WARNING * * *
Unknown command.
Okay, then.
Okay, then.
Aiming: Mindburst
Press: ? - help, Shift-Dir - straight line, f - yak
Aim: a yak (chance to affect: 75%) Nothing appears to happen.
You feel sick.
You hear some strange, mumbled words.
Unknown command.
Unknown command.
Unknown command.
Aiming: Mindburst
Press: ? - help, Shift-Dir - straight line, f/p - yak
Aim: a yak (chance to affect: 75%) Nothing appears to happen.
You feel sick. Something hits you but does no damage.
You feel drained.
Unknown command.
Unknown command.
Aiming: Mindburst
Press: ? - help, Shift-Dir - straight line, f/p - yak
Aim: a yak (chance to affect: 75%) Nothing appears to happen.
You feel sick. Something hits you but does no damage.
Unknown command.
Unknown command.
Unknown command.
You closely miss something.
You feel sick. Something hits you.
* * * LOW HITPOINT WARNING * * *
Unknown command.
Unknown command.
Unknown command.
You scratch something.
You feel sick. Something hits you.
You die...

#............. #
#............. ..#..
#............. #....
#.........#... ###._..####
###.......#####
..........#####.........#
#......................##
#.............#####...##
#..........##h{Y##.....#
.#..........####.#.?P....#
............##...#....PP.#
#..........##.#..........
#....)........#..=.......
.........†...........>...
...........#.#...........
......###....#...........
...### #.#####..#.......


You could see a yak.

Vanquished Creatures
  A boulder beetle (D:6)
  Pikel (D:5)
  Maurice (D:7)
  Joseph (D:7)
  A vampire (D:6)
  A wraith (D:5)
  A wyvern (D:8)
  Eustachio (D:5)
  A basilisk (D:8)
  Duvessa (D:5)
  A water moccasin (D:7)
  An ice beast (D:7)
  2 orc warriors
  3 black bears
  An ogre (D:5)
  2 centaurs
  A phantom (D:5)
  2 lemures (D:5)
  Blork the orc (D:5)
  2 elf zombies (Ossuary)
  4 bullfrogs
  4 scorpions
  A gnoll sergeant (D:6)
  Dowan (D:5)
  A howler monkey (D:4)
  A centaur zombie (Ossuary)
  A hound (D:5)
  4 jellies
  3 orc priests
  2 bombardier beetles
  A gnoll bouda (D:6)
  A human zombie (Ossuary)
  2 sleepcaps
  5 iguanas
  Jessica (D:3)
  Ijyb (D:5)
  9 orc wizards
  6 hound zombies (Ossuary)
  2 mummies (Ossuary)
  19 gnolls
  7 adders
  3 white imps
  4 adder zombies (Ossuary)
  2 dart slugs
  A ribbon worm (D:2)
  32 orcs
  9 endoplasms
  2 giant cockroaches
  5 goblins
  3 hobgoblins (D:2)
  3 jackals (D:1)
  4 kobolds
  5 quokkas
  9 ball pythons
  6 bats
  2 frilled lizards
  8 gnoll zombies (Ossuary)
  8 jackal zombies (Ossuary)
  5 kobold zombies (Ossuary)
  An orc zombie (Ossuary)
  4 rats
218 creatures vanquished.

Notes
Turn   | Place    | Note
-------+----------+-------------------------------------------
     0 | D:1      | Morbidden the Troll Shapeshifter began the quest for the
                  | Orb.
     0 | D:1      | Reached XP level 1. HP: 18/18 MP: 0/0
   305 | D:1      | Reached XP level 2. HP: 19/26 MP: 1/1
   709 | D:2      | Reached XP level 3. HP: 14/32 MP: 2/2
   815 | D:2      | Reached skill level 1 in Fighting
   896 | D:2      | Identified the amulet "Qyshig" {Faith rElec rF+ Str+2
                  | Dex+4}
  1054 | D:3      | Noticed Jessica
  1063 | D:3      | Killed Jessica
  1064 | D:3      | Reached XP level 4. HP: 22/41 MP: 3/3
  1159 | D:3      | Reached skill level 1 in Throwing
  1379 | D:3      | Found a faded altar of an unknown god.
  1426 | D:4      | Found a sand-covered staircase.
  1430 | Ossuary  | Entered an ossuary
  1442 | Ossuary  | Reached skill level 4 in Unarmed Combat
  1442 | Ossuary  | Reached XP level 5. HP: 48/48 MP: 4/4
  1593 | Ossuary  | Reached XP level 6. HP: 22/55 MP: 5/5
  1848 | D:4      | Reached XP level 7. HP: 61/63 MP: 7/7
  1866 | D:4      | Reached skill level 5 in Unarmed Combat
  2184 | D:4      | Reached skill level 1 in Spellcasting
  2670 | D:4      | Found a blossoming altar of Fedhas.
  2670 | D:4      | Found a sacrificial altar of Ru.
  2715 | D:5      | Entered Level 5 of the Dungeon
  2735 | D:5      | Noticed Ijyb
  2746 | D:5      | Killed Ijyb
  2756 | D:5      | Noticed Eustachio
  2765 | D:5      | Killed Eustachio
  2808 | D:5      | Reached skill level 6 in Unarmed Combat
  2808 | D:5      | Reached XP level 8. HP: 72/72 MP: 8/8
  2816 | D:5      | Noticed Pikel
  2848 | D:5      | Killed Pikel
  2849 | D:5      | Reached skill level 1 in Evocations
  2917 | D:5      | Reached skill level 7 in Unarmed Combat
  3020 | D:5      | Noticed Blork the orc
  3033 | D:5      | Killed Blork the orc
  3123 | D:5      | Reached skill level 5 in Shapeshifting
  3123 | D:5      | Reached XP level 9. HP: 61/80 MP: 10/10
  3298 | D:5      | Noticed Dowan
  3299 | D:5      | Noticed Duvessa
  3304 | D:5      | Killed Dowan
  3309 | D:5      | Killed Duvessa
  3684 | D:5      | Learned a level 3 spell: Call Canine Familiar
  3700 | D:6      | Reached skill level 8 in Unarmed Combat
  3716 | D:6      | Found an opulent altar of Gozag.
  3729 | D:6      | Found a snail-covered altar of Cheibriados.
  3738 | D:6      | Became a worshipper of Cheibriados the Contemplative
  3864 | D:6      | Found a staircase to the Ecumenical Temple.
  4374 | D:6      | Reached * piety under Cheibriados
  4511 | D:6      | Noticed a boulder beetle
  4531 | D:6      | Killed a boulder beetle
  4532 | D:6      | Reached skill level 9 in Unarmed Combat
  4532 | D:6      | Reached skill level 1 in Summonings
  4532 | D:6      | Reached skill level 1 in Invocations
  4534 | D:6      | HP: 4/121 [black bear (6)]
  4865 | D:6      | Reached skill level 5 in Dodging
  4865 | D:6      | Reached XP level 10. HP: 69/91 MP: 12/12
  4917 | D:6      | Found a stormy altar of Qazlal.
  5085 | D:7      | Noticed Joseph
  5105 | Temple   | Entered the Ecumenical Temple
  5147 | D:7      | Reached ** piety under Cheibriados
  5161 | D:7      | Noticed Maurice
  5166 | D:7      | Maurice stole 155 gold
  5171 | D:7      | Something stole 5 throwing nets
  5172 | D:7      | Something stole a beast talisman
  5176 | D:7      | Killed Maurice
  5368 | D:7      | Killed Joseph
  5665 | D:7      | Reached skill level 1 in Stealth
  5765 | D:7      | Found an iron altar of Okawaru.
  5927 | D:7      | Found a runed translucent door.
  5928 | D:7      | Noticed Crazy Yiuf
  6168 | D:8      | Found a burning altar of Makhleb.
  6209 | D:8      | Found a staircase to the Lair.
  6216 | D:8      | Noticed Psyche
  6236 | D:8      | HP: 1/90 [something (6)]
  6237 | D:8      | Slain by Psyche

Illustrated notes

Levels and vault maps discovered:
D:1:      dpeg_arrival_pond, layout_basic, minmay_misc_feat_columns
D:2:      layout_rooms
D:3:      layout_basic, dreamdust_ecumenical_altar_statues,
          kennysheep_jessica_study
D:4:      layout_cave_pools, nicolae_overflow_two_pavilions,
          nicolae_ossuary_entry_false_entrances, kennysheep_another_room
D:5:      layout_loops_ring, uniq_duvessa, uniq_blork_the_orc, uniq_eustachio,
          uniq_pikel, uniq_ijyb
D:6:      minmay_cornered_nines, layout_loops_cross, kennysheep_slug_shrine,
          general_overflow_altar, nicolae_qazlal_general_emergency, temple_green
D:7:      layout_cave_pools, okawaru_trees_2, minmay_misc_feat_rows,
          uniq_crazy_yiuf_cottage, uniq_joseph, uniq_maurice
D:8:      layout_rooms, amcnicky_altar_gilded, bloody_makhleb,
          david_lair_generic, uniq_erica, uniq_psyche
Temple:   hellmonk_temple_flake

Skill      XL: |  1  2  3  4  5  6  7  8  9 10 |
---------------+-------------------------------+-----
Fighting       | 1 2 3 |  3.4
Dodging        | 2 3 4 5 |  5.5
Throwing       | 1 2 3 |  3.7
Unarmed Combat | 4 6 7 9 |  9.7
Shapeshifting  | 4 5 |  5.6
Spellcasting   | 1 2 |  2.7
Evocations     | 1 2 |  2.5
Summonings     | 1 2 |  2.3
Invocations    | 1 |  1.8
Stealth        | 1 |  1.0

Action                     |  1- 3 |  4- 6 |  7- 9 | 10-12 || total
---------------------------+-------+-------+-------+-------++-------
  Melee: Unarmed           |    94 |   171 |   285 |    76 ||   626
         Punch             |     3 |     7 |    11 |     1 ||    22
  Throw: Stone             |       |       |       |     4 ||     4
  Evoke: Wand              |       |       |       |     3 ||     3
    Use: Potion            |       |     5 |     7 |     1 ||    13
         Scroll            |       |       |     4 |     2 ||     6
   Stab: Sleeping          |     1 |     1 |     2 |       ||     4
         Distracted        |       |       |     1 |       ||     1
 Armour: Animal skin       |    74 |   114 |    97 |       ||   285
         Skin              |       |   104 |    19 |     4 ||   127
         Robe              |       |       |   122 |    94 ||   216
  Dodge: Dodged            |    53 |    93 |   137 |    44 ||   327

Table legend: (Time is in decaauts)
 A = Elapsed time spent in this place.
 B = Non-inter-level travel time spent in this place.
 C = Inter-level travel time spent in this place.
 D = Time resting spent in this place.
 E = Time spent auto-exploring this place.
 F = Levels seen in this place.
 G = Mean time per level.
                   A        B        C        D        E       F      G
               +--------+--------+--------+--------+--------+-----+--------+
         Total |   6709 |   6459 |    250 |    904 |   4085 |  10 |  670.9 |
       Dungeon |   6433 |   6183 |    250 |    887 |   3995 |   8 |  804.1 |
        Temple |      1 |      1 |      0 |      0 |      0 |   1 |    1.0 |
       Ossuary |    273 |    273 |      0 |     16 |     90 |   1 |  273.0 |
               +--------+--------+--------+--------+--------+-----+--------+

Top non-repeatable levels by time:
     D:6: 1494 daAuts
     D:5: 1274 daAuts
     D:7: 1166 daAuts
     D:4: 748 daAuts
     D:1: 657 daAuts
     D:3: 627 daAuts
     D:2: 361 daAuts
 Ossuary: 273 daAuts
     D:8: 103 daAuts
  Temple: 1 daAuts
